 Dungeon Crawl Stone Soup version 0.21.1-1-g345015f (webtiles) character file.

35994 Mirai the Eclecticist (level 13, -3/63 HPs)
             Began as a Deep Elf Conjurer on Apr 20, 2018.
             Was an Elder of Vehumet.
             Slain by a jumping spider (9 damage)
             ... on level 5 of the Lair of Beasts.
             The game lasted 01:23:11 (21774 turns).

Mirai the Eclecticist (Deep Elf Conjurer)          Turns: 21774, Time: 01:23:12

Health: -3/63      AC: 10    Str:  9    XL:     13   Next: 50%
Magic:  0/37       EV: 13    Int: 30    God:    Vehumet [****..]
Gold:   1179       SH:  0    Dex: 19    Spells: 17/48 levels left

rFire    + . .     SeeInvis .   q - +7 dagger "Joxkasuhe" {drain, MR+}
rCold    + . .     Gourm    .   (no shield)
rNeg     . . .     Faith    .   f - +4 robe of Augmentation {Str+4 Int+4 Dex+4}
rPois    +         Spirit   +   k - +2 hat
rElec    .         Reflect  .   e - +0 cloak
rCorr    .         Harm     .   I - +0 pair of gloves
MR       ++...     Clarity  +   (no boots)
Stlth    ++........             w - amulet of guardian spirit
HPRegen  0.20/turn              d - ring of protection from cold
MPRegen  0.25/turn              u - ring of poison resistance

@: no status effects
A: horns 2, blurry vision 1, clarity, fire resistance 1
a: Renounce Religion


You were on level 5 of the Lair of Beasts.
You worshipped Vehumet.
Vehumet was greatly pleased with you.
You were not hungry.

You visited 3 branches of the dungeon, and saw 19 of its levels.
You also visited: Ossuary.

You collected 1321 gold pieces.
You spent 142 gold pieces at shops.

Inventory:

Hand Weapons
 l - the +7 mace "Yfiop" {crush, rElec rPois Str+8 Int-2}
   (You found it on level 1 of the Lair of Beasts)

   It inflicts extra damage upon your enemies.
   It affects your strength (+8).
   It affects your intelligence (-2).
   It insulates you from electricity.
   It protects you from poison.
 q - the +7 dagger "Joxkasuhe" (weapon) {drain, MR+}
   (You found it on level 11 of the Dungeon)

   A truly terrible weapon, it drains the life of those it strikes.
   It affects your resistance to hostile enchantments.
Armour
 e - a +0 cloak (worn)
 f - the +4 robe of Augmentation (worn) {Str+4 Int+4 Dex+4}
   (You found it on level 9 of the Dungeon)

   It affects your strength (+4).
   It affects your intelligence (+4).
   It affects your dexterity (+4).
 k - a +2 hat (worn)
 I - a +0 pair of gloves (worn)
Magical Staves
 s - an uncursed staff of death
Jewellery
 d - a ring of protection from cold (left hand)
 o - an uncursed ring of positive energy
 t - an uncursed ring of ice
 u - a ring of poison resistance (right hand)
 w - an amulet of guardian spirit (around neck)
 x - an uncursed ring of protection from fire
 z - an uncursed ring of flight
Wands
 y - a wand of flame (5)
 D - a wand of digging (24)
 H - a wand of random effects (13)
 M - a wand of clouds (3)
 O - a wand of disintegration (9)
 Q - a wand of polymorph (32)
Scrolls
 h - 12 scrolls of identify
 j - 7 scrolls of teleportation
 r - 6 scrolls of remove curse
 A - 3 scrolls of amnesia
 B - a scroll of magic mapping
 C - 2 scrolls of blinking
 F - 2 scrolls of fear
 G - 4 scrolls of enchant weapon
 K - a scroll of brand weapon
 L - 2 scrolls of fog
Potions
 g - 3 potions of lignification
 i - 4 potions of curing
 m - 2 potions of brilliance
 n - 3 potions of agility
 v - 3 potions of berserk rage
 E - a potion of flight
Books
 a - the Disquisition on the Volcanoes and Slavery
   (You found it on level 3 of the Lair of Beasts)

   Spells                             Type                      Level
   a - Flame Tongue                   Conjuration/Fire             1
   b - Call Canine Familiar           Summoning                    3
   c - Malign Gateway                 Summoning/Translocation      7
   d - Dragon's Call                  Summoning                    9
 b - a book of Conjurations

   Spells                             Type                      Level
   a - Magic Dart                     Conjuration                  1
   b - Searing Ray                    Conjuration                  2
   c - Dazzling Spray                 Conjuration/Hexes            3
   d - Fulminant Prism                Conjuration/Hexes            4
   e - Force Lance                    Conjuration/Translocation    4
   f - Iskenderun's Mystic Blast      Conjuration                  4
 p - a book of Annihilations

   Spells                             Type                      Level
   a - Poison Arrow                   Conjuration/Poison           6
   b - Chain Lightning                Conjuration/Air              8
   c - Lehudib's Crystal Spear        Conjuration/Earth            8
   d - Glaciate                       Conjuration/Ice              9
   e - Fire Storm                     Conjuration/Fire             9
 J - a book of Minor Magic

   Spells                             Type                      Level
   a - Magic Dart                     Conjuration                  1
   b - Blink                          Translocation                2
   c - Call Imp                       Summoning                    2
   d - Slow                           Hexes                        2
   e - Conjure Flame                  Conjuration/Fire             3
   f - Mephitic Cloud                 Conjuration/Poison/Air       3
 N - a Young Poisoner's Handbook

   Spells                             Type                      Level
   a - Sting                          Conjuration/Poison           1
   b - Poisonous Vapours              Poison/Air                   2
   c - Mephitic Cloud                 Conjuration/Poison/Air       3
   d - Olgreb's Toxic Radiance        Poison                       4
   e - Venom Bolt                     Conjuration/Poison           5
Comestibles
 c - 21 rations
 P - 3 chunks of flesh


   Skills:
 - Level 2.4 Dodging
 - Level 2.4 Stealth
 * Level 18.0 Spellcasting
 + Level 12.1 Conjurations
 - Level 8.0 Hexes
 * Level 13.3 Fire Magic
 - Level 5.9 Evocations


You had 17 spell levels left.
You knew the following spells:

 Your Spells              Type           Power        Failure   Level  Hunger
a - Magic Dart            Conj           ####         0%          1    None
b - Searing Ray           Conj           ######       0%          2    None
c - Iskenderun's Mystic   Conj           #######.     1%          4    None
d - Fulminant Prism       Conj/Hex       ######....   1%          4    None
e - Flame Tongue          Conj/Fire      #####        0%          1    None
f - Blink                 Tloc           N/A          2%          2    None
g - Lehudib's Crystal Sp  Conj/Erth      ######....   87%         8    ######.
h - Fire Storm            Conj/Fire      #######...   78%         9    #######


Dungeon Overview and Level Annotations

Branches:
Dungeon (12/15)            Temple (1/1) D:5            Lair (6/6) D:8
 Shoals (0/4) Lair:3        Snake (0/4) Lair:4        Slime (0/5) Lair:5
    Orc (0/2) D:11

Altars:
Ashenzari
Cheibriados
Elyvilon
Hepliaklqana
Kikubaaqudgha
Okawaru
Qazlal
Ru
Sif Muna
Trog
Uskayaw
Vehumet
Xom
Yredelemnul
The Shining One
Jiyva

Shops:
D:4 *   D:9 }   D:11 *(

Annotations:
D:7 Verendum's ghost, novice MiGl
D:10 Gastronok
D:11 Verendum's ghost, journeyman MiAK


Innate Abilities, Weirdness & Mutations

You have a pair of horns on your head.
Scrolls take you a little longer to read.
You possess an exceptional clarity of mind.
Your flesh is heat resistant. (rF+)


Message History

You feel better. The elephant tramples you!
* * * LOW HITPOINT WARNING * * *
You stumble backwards!
Unknown command.
Casting: Iskenderun's Mystic Blast
Confirm with . or Enter, or press ? or * to list all spells.
You don't have enough magic to cast that spell.
Evoke which item? (* to show all) (? for menu, Esc to quit)
Aiming: Polymorph
Press: ? - help, Shift-Dir - straight line, f/p - elephant
Aim: an elephant (heavily wounded, chance to defeat MR: 28%)
The elephant evaporates and reforms as a jumping spider!
The jumping spider misses you.
The jumping spider bites you but does no damage.
Evoke which item? (* to show all) (? for menu, Esc to quit)
Aiming: Disintegrate
Press: ? - help, Shift-Dir - straight line, f/p - jumping spider
Aim: a jumping spider (chance to defeat MR: 84%)
The jumping spider is blasted.
The jumping spider pounces on you!
You die...

#### ..P# ...###
.....##### #####
......##.#######.#.#
....>..#.##........###
..††t......Y...s@..#.#
........#.........#..#
........#..........#.#
.......#............##
.......#PP..........P##
......................#
.....#.#.............##
......####...#P#......#
.....#. #...####.#..##


You could see an elephant and a jumping spider.

Vanquished Creatures
  Erolcha (D:10)
  Harold (D:10)
  8 hydras
  A death yak (Lair:4)
  3 two-headed ogres
  2 ugly things (D:11)
  The ghost of Verendum the Cruncher, a novice FoGl of Makhleb (D:6)
  A cyclops (D:11)
  3 black mambas
  Psyche (D:8)
  7 spiny frogs
  A kobold demonologist (D:12)
  6 komodo dragons
  4 trolls
  Grinder (D:5)
  Prince Ribbit (D:8)
  6 dream sheep (Lair:5)
  7 hippogriffs
  A meliai zombie (D:12)
  2 wyverns
  47 yaks
  A basilisk (Lair:1)
  3 hungry ghosts
  4 nagas (Lair:4)
  9 water moccasins
  6 porcupines
  3 orc warriors
  3 ice beasts
  A black bear (D:9)
  3 ogres
  An eye of draining (D:9)
  4 wolves (Lair:2)
  4 centaurs
  3 phantoms
  5 crocodiles
  5 elf zombies (Ossuary)
  A big kobold (D:10)
  A gnoll sergeant (D:8)
  11 bullfrogs
  2 scorpions
  5 killer bees (D:7)
  4 wights (D:11)
  2 howler monkeys
  2 electric eels (Lair:3)
  3 crimson imps
  2 bullfrog zombies
  5 centaur zombies
  5 human zombies (Ossuary)
  A bullfrog skeleton (D:11)
  A quasit (D:11)
  4 hounds
  3 jellies
  7 orc priests
  4 centaur skeletons
  An iguana (D:9)
  8 orc wizards
  8 worker ants
  2 hound skeletons
  4 mummies
  A worker ant zombie (D:6)
  15 gnolls
  8 adders
  An ooze (D:2)
  An adder zombie (D:9)
  A worm (D:2)
  A dart slug (D:1)
  6 leopard geckos
  35 orcs
  9 bats
  5 giant cockroaches
  8 hobgoblins
  7 jackals
  12 kobolds
  4 quokkas
  2 ball pythons
  4 frilled lizards
  A giant cockroach zombie (D:5)
  4 goblins (D:2)
  A goblin zombie (D:6)
  2 leopard gecko skeletons
  An orc zombie (D:6)
  A quokka zombie (D:7)
  7 rats
  A bush (Lair:5)
  A fungus (Lair:4)
  7 plants
392 creatures vanquished.

Vanquished Creatures (others)
  42 fulminant prisms
  3 fungi (Lair:4)
  4 plants (D:8)
49 creatures vanquished.

Grand Total: 441 creatures vanquished

Notes
Turn   | Place    | Note
-------+----------+-------------------------------------------
     0 | D:1      | Mirai the Deep Elf Conjurer began the quest for the Orb.
     0 | D:1      | Reached XP level 1. HP: 10/10 MP: 6/6
   167 | D:1      | Reached XP level 2. HP: 15/15 MP: 1/8
   172 | D:1      | Learned a level 2 spell: Searing Ray
   296 | D:1      | Reached skill level 4 in Spellcasting
   848 | D:2      | Reached XP level 3. HP: 13/19 MP: 5/10
   875 | D:2      | Noticed an ogre
   896 | D:2      | Killed an ogre
   896 | D:2      | Reached skill level 5 in Spellcasting
   896 | D:2      | Reached skill level 5 in Conjurations
   896 | D:2      | Reached XP level 4. HP: 20/24 MP: 3/13
  1042 | D:2      | Reached skill level 6 in Spellcasting
  1048 | D:2      | Reached XP level 5. HP: 28/28 MP: 5/15
  1054 | D:2      | Learned a level 4 spell: Iskenderun's Mystic Blast
  1059 | D:2      | Learned a level 4 spell: Fulminant Prism
  1702 | D:3      | Reached skill level 1 in Hexes
  2341 | D:4      | Noticed an ogre
  2347 | D:4      | Killed an ogre
  2347 | D:4      | Reached skill level 7 in Spellcasting
  2347 | D:4      | Reached XP level 6. HP: 12/32 MP: 0/18
  2903 | D:4      | Found Satur's Assorted Antiques.
  2911 | D:4      | Bought a silken robe for 142 gold pieces
  2922 | D:4      | Identified the +0 robe of Greater Demons {Int+2} (You bought it in a shop on level 4 of the Dungeon)
  3054 | D:4      | Reached skill level 8 in Spellcasting
  3054 | D:4      | Reached XP level 7. HP: 36/36 MP: 11/20
  3131 | D:4      | Found a glowing golden altar of the Shining One.
  3425 | D:5      | Entered Level 5 of the Dungeon
  3745 | D:5      | Found a staircase to the Ecumenical Temple.
  3764 | Temple   | Entered the Ecumenical Temple
  3816 | Temple   | Became a worshipper of Vehumet
  3860 | D:5      | Reached skill level 1 in Evocations
  4034 | D:5      | Noticed Grinder
  4064 | D:5      | Paralysed by Grinder for 5 turns
  4073 | D:5      | Paralysed by Grinder for 2 turns
  4077 | D:5      | Killed Grinder
  4077 | D:5      | Reached skill level 9 in Spellcasting
  4185 | D:5      | Reached XP level 8. HP: 28/41 MP: 18/23
  4976 | D:6      | Reached skill level 5 in Hexes
  5050 | D:6      | Found a sand-covered staircase.
  5173 | Ossuary  | Entered an ossuary
  5251 | Ossuary  | Reached skill level 10 in Spellcasting
  5995 | D:6      | Reached * piety under Vehumet
  5995 | D:6      | Offered knowledge of Flame Tongue by Vehumet.
  6009 | D:6      | Learned a level 1 spell: Flame Tongue
  6027 | D:6      | Reached XP level 9. HP: 33/45 MP: 3/25
  6041 | D:6      | HP: 2/45 [water moccasin (8)]
  6055 | D:6      | Reached skill level 1 in Fire Magic
  6342 | D:6      | Noticed Verendum's ghost (novice FoGl)
  6363 | D:6      | Killed Verendum's ghost
  6363 | D:6      | Reached skill level 11 in Spellcasting
  6938 | D:7      | Found an iron altar of Okawaru.
  7256 | D:7      | Reached skill level 5 in Evocations
  7428 | D:7      | Noticed Verendum's ghost (novice MiGl)
  7839 | D:8      | Reached ** piety under Vehumet
  7859 | D:8      | Offered knowledge of Freeze by Vehumet.
  8022 | D:8      | Noticed Prince Ribbit
  8039 | D:8      | Killed Prince Ribbit
  8039 | D:8      | Reached skill level 12 in Spellcasting
  8079 | D:8      | Noticed Psyche
  8088 | D:8      | Killed Psyche
  8088 | D:8      | Reached XP level 10. HP: 36/50 MP: 1/28
  8526 | D:8      | Found a staircase to the Lair.
  8606 | D:9      | Found the +4 robe of Augmentation {Str+4 Int+4 Dex+4}
  8610 | D:9      | Reached skill level 5 in Fire Magic
  8659 | D:9      | Noticed a two-headed ogre
  8666 | D:9      | Killed a two-headed ogre
  8675 | D:9      | Found a deep blue altar of Sif Muna.
  8677 | D:9      | Found a bloodstained altar of Trog.
  8723 | D:9      | Found Enot's Gadget Emporium.
  8733 | D:9      | Identified a scroll of acquirement
  8757 | D:9      | Got a twisted long sword
  8761 | D:9      | Identified the +2 long sword "Tittigh" {holy, Dex+2} (You found it on level 9 of the Dungeon)
  9114 | D:9      | Learned a level 2 spell: Blink
  9170 | D:9      | Noticed a two-headed ogre
  9182 | D:9      | Killed a two-headed ogre
  9182 | D:9      | Reached skill level 13 in Spellcasting
  9577 | D:10     | Entered Level 10 of the Dungeon
  9660 | D:10     | Offered knowledge of Inner Flame by Vehumet.
 10034 | D:10     | Reached XP level 11. HP: 18/54 MP: 3/30
 10038 | D:10     | HP: 2/54 [yak (10)]
 10039 | D:10     | Reached *** piety under Vehumet
 10465 | D:10     | Noticed Harold
 10481 | D:10     | HP: 1/54 [Harold/bolt of fire (27)]
 10484 | D:10     | Killed Harold
 10729 | D:10     | Reached skill level 14 in Spellcasting
 10761 | D:10     | Noticed Gastronok
 10827 | D:9      | Gained mutation: Your magical capacity is low. (-10% MP) [potion of mutation]
 10827 | D:9      | Gained mutation: You are frail. (-10% HP) [potion of mutation]
 10827 | D:9      | Gained mutation: Scrolls take you a little longer to read. [potion of mutation]
 10827 | D:9      | Gained mutation: You are resistant to hostile enchantments. (MR+) [potion of mutation]
 10828 | D:9      | Lost mutation: You are frail. (-10% HP) [potion of mutation]
 10828 | D:9      | Lost mutation: Scrolls take you a little longer to read. [potion of mutation]
 10828 | D:9      | Gained mutation: You are frail. (-10% HP) [potion of mutation]
 10828 | D:9      | Gained mutation: You are clumsy. (Dex -2) [potion of mutation]
 10828 | D:9      | Gained mutation: Armour fits poorly on your strangely shaped body. [potion of mutation]
 10828 | D:9      | Gained mutation: You possess an exceptional clarity of mind. [potion of mutation]
 10829 | D:9      | Lost mutation: Your magical capacity is low. (-10% MP) [potion of mutation]
 10829 | D:9      | Lost mutation: Armour fits poorly on your strangely shaped body. [potion of mutation]
 10829 | D:9      | Lost mutation: You are resistant to hostile enchantments. (MR+) [potion of mutation]
 10829 | D:9      | Gained mutation: You have a pair of small horns on your head. [potion of mutation]
 10829 | D:9      | Gained mutation: Your spells are a little harder to cast, but a little more powerful. [potion of mutation]
 10830 | D:9      | Lost mutation: You are clumsy. (Dex -2) [potion of mutation]
 10830 | D:9      | Lost mutation: Your spells are a little harder to cast, but a little more powerful. [potion of mutation]
 10830 | D:9      | Gained mutation: Your flesh is heat resistant. (rF+) [potion of mutation]
 10830 | D:9      | Gained mutation: You have a pair of horns on your head. [potion of mutation]
 10831 | D:9      | Lost mutation: You have a pair of horns on your head. [potion of mutation]
 10831 | D:9      | Gained mutation: Scrolls take you a little longer to read. [potion of mutation]
 10831 | D:9      | Lost mutation: You are frail. (-10% HP) [potion of mutation]
 10831 | D:9      | Gained mutation: You have a pair of horns on your head. [potion of mutation]
 10980 | D:10     | Noticed Erolcha
 10982 | D:10     | Paralysed by Erolcha for 3 turns
 10986 | D:10     | Killed Erolcha
 11346 | D:11     | Found a staircase to the Orcish Mines.
 11347 | D:11     | Found Yklilirch's Weapon Emporium.
 11543 | D:11     | Offered knowledge of Ignite Poison by Vehumet.
 11552 | D:11     | Got a twisted dagger
 11553 | D:11     | Identified the +7 dagger "Joxkasuhe" {drain, MR+} (You found it on level 11 of the Dungeon)
 11921 | D:11     | Noticed Verendum's ghost (journeyman MiAK)
 11976 | D:12     | Reached skill level 10 in Conjurations
 12556 | D:11     | Found a shimmering altar of Xom.
 12556 | D:11     | Noticed a white ugly thing
 12562 | D:11     | Killed a white ugly thing
 12955 | D:11     | Reached **** piety under Vehumet
 13000 | D:11     | Found Nuklacam's Weapon Boutique.
 13012 | D:11     | Noticed a two-headed ogre
 13033 | D:11     | Killed a two-headed ogre
 13033 | D:11     | Reached skill level 15 in Spellcasting
 13168 | D:11     | Noticed a green ugly thing
 13184 | D:11     | Found Qiotz's General Store.
 13400 | D:11     | Killed a green ugly thing
 13400 | D:11     | Reached skill level 10 in Fire Magic
 14194 | D:12     | Offered knowledge of Bolt of Draining by Vehumet.
 14194 | D:12     | Reached XP level 12. HP: 52/59 MP: 17/33
 14445 | Lair:1   | Entered Level 1 of the Lair of Beasts
 14445 | Lair:1   | Noticed a six-headed hydra
 14449 | Lair:1   | Killed a six-headed hydra
 15032 | Lair:1   | Got a fine mace
 15069 | Lair:1   | Identified the +7 mace "Yfiop" {crush, rElec rPois Str+8 Int-2} (You found it on level 1 of the Lair of Beasts)
 15342 | Lair:1   | Reached skill level 16 in Spellcasting
 15389 | Lair:1   | Found a basalt altar of Yredelemnul.
 15541 | Lair:1   | Noticed a six-headed hydra
 15546 | Lair:1   | Killed a six-headed hydra
 16523 | Lair:2   | Learned a level 8 spell: Lehudib's Crystal Spear
 16533 | Lair:2   | Learned a level 9 spell: Fire Storm
 16793 | Lair:2   | Noticed a six-headed hydra
 16801 | Lair:2   | Killed a six-headed hydra
 17187 | Lair:3   | Noticed a five-headed hydra
 17190 | Lair:3   | Killed a five-headed hydra
 17195 | Lair:3   | Noticed a four-headed hydra
 17358 | Lair:2   | Killed a four-headed hydra
 17815 | Lair:2   | Reached skill level 17 in Spellcasting
 17950 | Lair:3   | Found a staircase to the Shoals.
 17962 | Lair:3   | Identified the Disquisition on the Volcanoes and Slavery
 18507 | Lair:3   | Reached ***** piety under Vehumet
 19109 | Lair:4   | Noticed a four-headed hydra
 19122 | Lair:4   | Killed a four-headed hydra
 19122 | Lair:4   | Reached XP level 13. HP: 63/63 MP: 16/36
 19246 | Lair:4   | Offered knowledge of Sticky Flame by Vehumet.
 19714 | Lair:4   | Found a staircase to the Snake Pit.
 20198 | Lair:4   | HP: 1/63 [spiny frog (11)]
 21565 | Lair:5   | Reached skill level 18 in Spellcasting
 21600 | Lair:5   | Found a viscous altar of Jiyva.
 21600 | Lair:5   | Found a staircase to the Slime Pits.
 21752 | Lair:6   | Entered Level 6 of the Lair of Beasts
 21774 | Lair:5   | Slain by a jumping spider

Skill      XL: |  1  2  3  4  5  6  7  8  9 10 11 12 13 |
---------------+----------------------------------------+-----
Spellcasting   | 4 5 6 7 8 9 10 12 13 15 17 18 | 18.0
Conjurations   | 5 6 7 8 9 10 11 12 | 12.1
Hexes          | 2 3 4 6 7 8 |  8.0
Evocations     | 2 4 5 |  5.9
Fire Magic     | 4 7 10 12 13 | 13.3
Dodging        | |  2.4
Stealth        | |  2.4

Action                   |  1- 3 |  4- 6 |  7- 9 | 10-12 | 13-15 || total
-------------------------+-------+-------+-------+-------+-------++-------
Melee: Hand axe          |    17 |     7 |    41 |       |       ||    65
       Mace              |       |       |     6 |     3 |       ||     9
       Dagger            |       |       |       |    22 |    19 ||    41
       Headbutt          |       |       |       |     8 |     7 ||    15
Throw: Tomahawk          |     2 |       |     6 |     1 |       ||     9
 Cast: Magic Dart        |    55 |    76 |    95 |    60 |       ||   286
       Searing Ray       |     1 |    12 |    71 |    94 |     1 ||   179
       Iskenderun's Myst |       |     3 |     8 |   138 |   104 ||   253
       Fulminant Prism   |       |       |     4 |    33 |     5 ||    42
       Flame Tongue      |       |       |     3 |    11 |     1 ||    15
       Blink             |       |       |       |    19 |    11 ||    30
Evoke: Wand              |       |       |    21 |    13 |     8 ||    42
  Use: Scroll            |       |     9 |     7 |     6 |     1 ||    23
       Potion            |       |       |    11 |    13 |     4 ||    28
  Eat: Chunk             |       |     6 |     6 |    23 |     5 ||    40
       Ration            |       |       |     3 |     3 |     1 ||     7
Armor: Robe              |     7 |     1 |    33 |    77 |    11 ||   129
       Ring mail         |       |     2 |       |       |       ||     2
       Skin              |       |       |    24 |       |       ||    24
Dodge: Dodged            |    22 |    22 |   110 |   144 |    22 ||   320
       Rpst.: Long sword |       |       |       |     6 |       ||     6
